[Event "Cairns Cup 2024"]
[Site "Saint Louis"]
[Date "2024.06.19"]
[Round "6.1"]
[White "Kosteniuk, Alexandra"]
[Black "Muzychuk, Mariya"]
[Result "1-0"]
[ECO "B11"]
[WhiteElo "2501"]
[BlackElo "2510"]
[Annotator "TA"]
[PlyCount "136"]
[EventDate "2024.06.13"]
[EventType "tourn"]
[EventCountry "USA"]
[SourceTitle "playchess.com"]
[Source "ChessBase"]
[SourceQuality "1"]
[TimeControl "40/5400+30:1800+30"]

1. e4 c6 2. Nc3 d5 3. Nf3 dxe4 4. Nxe4 Nf6 5. Qe2 Nxe4 6. Qxe4 Nd7 7. d4 Nf6 8. Qd3 g6 {[%emt 0:00:00] White has an edge.} 9. Be2 Bg7 10. O-O O-O 11. Re1 a5 12. Bf1 Bf5 13. Qb3 Nd5 14. c3 (14. Qxb7 Nb4 15. c3 Rb8 $19 (15... Nc2 16. Bf4 $17)) 14... a4 15. Qa3 (15. Qxb7 $2 Qd6 16. Bg5 f6 $19) 15... b5 16. Ne5 Qb6 17. Bd2 Rfd8 18. Rad1 (18. h3 $11) 18... f6 $15 19. Nd3 e6 20. Nc5 e5 21. b4 axb3 $1 22. Qxb3 Bf8 23. c4 bxc4 24. Bxc4 Qxb3 (24... Bxc5 {simplifies} 25. dxc5 Qxb3 26. axb3 Be6) 25. Bxb3 Kg7 (25... exd4 $6 26. Ne6 $14) 26. Nb7 Rd7 27. Nc5 Bxc5 28. dxc5 Rb7 29. g3 g5 30. f3 Be6 31. Be3 (31. Re4 $15) 31... Kf7 32. Bf2 Ke7 33. Rd2 h5 34. Rc1 Rb4 35. Be1 Rb5 36. Re2 Ra3 (36... Nb4 $17 37. Bxe6 Kxe6) 37. Re4 Kd7 38. Ra4 (38. Rd1 $11) 38... Rxa4 $17 39. Bxa4 Rb2 40. Rc2 Rxc2 (40... Rb1 $17 41. Kf2 g4 42. fxg4 Bxg4 (42... hxg4 43. Bb3 $17)) 41. Bxc2 {[%emt 0:30:02][%mdl 4096] Endgame. KBB-KBN} Ne3 42. Bg6 Bxa2 43. Bxh5 Ke6 44. Kf2 Nc2 45. Ba5 Nd4 46. h4 gxh4 47. gxh4 Bd5 48. Bd8 f5 49. Ke3 f4+ 50. Kf2 e4 51. Bg4+ Kf7 52. fxe4 Bxe4 53. Bc7 Nb3 54. Bd6 (54. Bxf4 Nxc5 55. Bb8 Kf6 $14) 54... Kg6 55. Bd1 (55. Bxf4 Nxc5 56. Bd6 Nb7 $11) 55... Bd5 56. h5+ (56. Bxf4 Nxc5 57. Ke3 Kf6) 56... Kg5 $2 {[%emt 0:00:21][%mdl 8192] Black cannot hold the game after this.} (56... Kf6 $14) 57. Be7+ (57. Bxf4+ $142 Kxf4 58. h6 Nxc5 59. h7) 57... Kh6 $18 58. Bf8+ Kh7 {[%emt 0:00:07] [#]} 59. Bc2+ $1 Kg8 60. Bd6 {[%emt 0:00:11][%cal Oh5h6] h6! would kill now.} Nd4 {[%emt 0:01:32] [#]} 61. Bd3 $1 {[%emt 0:00:05][%cal Oh5h6] Intending h6! and mate.} Ne6 62. h6 {[%emt 0:00:12] White threatens h7+ and mate.} Ng5 63. Bxf4 Nh3+ $2 (63... Be4 $18 64. Bc4+ Nf7) 64. Kg3 {[%emt 0:00:05] White mates.} Nxf4 65. Kxf4 Bb3 66. Ke5 Kf7 67. Be4 Ba4 68. Kd6 Bb5 {[%emt 0:00:44] Weighted Error Value: White=0.15 (very precise) /Black=0.19 (very precise) .  Loses game:     	---       	Black=1      Mistake:       	White=4     	Black=3      Inaccurate:     	White=2     	Black=3      OK:         	White=22    	Black=22     Best:        	White=3     	Black=6      Strong:       	White=2     	Black=1} 1-0

[Event "Cairns Cup 2024"]
[Site "Saint Louis"]
[Date "2024.06.19"]
[Round "6.2"]
[White "Dronavalli, Harika"]
[Black "Zatonskih, Anna"]
[Result "1/2-1/2"]
[ECO "C13"]
[WhiteElo "2489"]
[BlackElo "2327"]
[Annotator "TA"]
[PlyCount "112"]
[EventDate "2024.06.13"]
[EventType "tourn"]
[EventCountry "USA"]
[SourceTitle "playchess.com"]
[Source "ChessBase"]
[SourceQuality "1"]
[TimeControl "40/5400+30:1800+30"]

1. e4 e6 2. d4 d5 3. Nc3 Nf6 4. Bg5 dxe4 5. Nxe4 Be7 6. Nxf6+ Bxf6 7. Bxf6 Qxf6 8. Nf3 O-O 9. Qd3 c5 10. O-O-O cxd4 (10... Rd8 {is more complex.} 11. Qe4 Nc6 12. Bd3 Qh6+) 11. Qxd4 {[%emt 0:05:40] White is slightly better.} Qxd4 12. Nxd4 b6 13. Nb5 {[%emt 0:03:48] [#] Strongly threatening Nc7.} a6 14. Nd6 Bd7 15. Bd3 Bc6 16. Be4 Ra7 17. Rhe1 Rc7 18. Nc4 b5 19. Ne5 Bxe4 20. Rxe4 Rfc8 21. c3 f6 22. Nd3 e5 23. f4 exf4 24. Nxf4 Kf7 25. Rd6 a5 26. a3 Rb7 {[%emt 0:02:08] Repels Rb6} 27. Nd3 Nd7 {[%emt 0:01:46] [#]} (27... Nc6 $11) 28. Red4 {[%emt 0:01:54] White has more active pieces.} (28. Rd5 $1 $16) 28... Nc5 29. Nxc5 Rxc5 30. R4d5 Rxd5 31. Rxd5 $11 {[%emt 0:00:04][%cal Oc3c4][%mdl 4096] Endgame. KR-KR} a4 32. Kc2 Ke6 33. Rd4 f5 34. Rb4 Kd6 ({Black should play} 34... g6 $11) 35. c4 $1 $14 Rc7 36. Kc3 ({Much weaker is} 36. Rxb5 Rxc4+ 37. Kd3 Rg4 $11) 36... bxc4 ({Don't do} 36... Rxc4+ 37. Rxc4 bxc4 38. Kxc4 $11) 37. Rxc4 ({Better is} 37. Rxa4 $14 Kd5 38. Ra5+ Ke4 39. Rb5) 37... Ra7 $1 $11 {[%emt 0:00:04] The position is equal.} 38. Rb4 Kc5 39. Kd3 Rd7+ 40. Kc3 Ra7 41. h4 g6 42. g3 Kd5 43. Kd3 Ra6 44. Rb5+ Kc6 45. Kc4 Ra7 46. Rb4 Ra5 47. Kc3 h6 48. Rb8 Re5 49. Kd2 {[%emt 0:00:42] Prevents Re3} Re4 50. b4 Rg4 51. Rc8+ Kb6 52. Rc3 Kb5 53. Rc5+ Kb6 54. Rc3 Kb5 55. Rc5+ Kb6 56. Rc3 Kb5 {[%emt 0:00:15] Weighted Error Value: White=0.05 (flawless) /Black=0.07 (flawless) .  Mistake:       	White=2     	Black=2      Inaccurate:     	---       	Black=1      OK:         	White=18    	Black=24     Best:        	---       	Black=1      Strong:       	White=1     	Black=1} 1/2-1/2

[Event "Cairns Cup 2024"]
[Site "Saint Louis"]
[Date "2024.06.19"]
[Round "6.3"]
[White "Paehtz, Elisabeth"]
[Black "Muzychuk, Anna"]
[Result "1/2-1/2"]
[ECO "A07"]
[WhiteElo "2457"]
[BlackElo "2505"]
[Annotator "TA"]
[PlyCount "54"]
[EventDate "2024.06.13"]
[EventType "tourn"]
[EventCountry "USA"]
[SourceTitle "playchess.com"]
[Source "ChessBase"]
[SourceQuality "1"]
[TimeControl "40/5400+30:1800+30"]

1. Nf3 d5 2. g3 g6 3. Bg2 Bg7 4. c4 dxc4 5. Qa4+ Nc6 6. O-O e5 (6... Nh6 {might be stronger.}) 7. Nxe5 $11 Bxe5 8. Bxc6+ bxc6 9. Qxc6+ Bd7 10. Qe4 f6 11. f4 Bf5 12. Qc6+ {[%emt 0:00:00][%mdl 1024] White has compensation.} (12. Qe3 $5 Qd4 (12... Bxb1 13. Rxb1 Qd4 14. fxe5 $16) 13. fxe5 Qxe3+ 14. dxe3 fxe5 15. e4 Bxe4 16. Na3 $16) 12... Bd7 {[%emt 0:00:00] The position is equal.} 13. Qe4 Bf5 14. Qe3 Bh3 $1 ({Reject} 14... Bxb1 $6 15. Rxb1 (15. fxe5 Bf5 $17) 15... Qd4 16. fxe5 fxe5 17. Qxd4 exd4 18. d3 $16) 15. Rf3 Nh6 16. fxe5 Nf5 17. Qa3 Qd4+ 18. Rf2 fxe5 (18... Qxe5 19. Qa4+ Kd8 20. Qxc4 $16) 19. Qa4+ Ke7 $1 {[%emt 0:04:17] [#] White must now prevent ...Raf8.} 20. d3 cxd3 21. Bg5+ Kf7 22. Qc6 {[%emt 0:01:47] Some like it hot} dxe2 23. Qf6+ $1 Kg8 {[%emt 0:00:10][%cal Re2e1] [#]} 24. Qe6+ Kg7 25. Qf6+ Kg8 26. Qe6+ Kg7 27. Qf6+ Kg8 {[%emt 0:00:16] Not much happened in this game.   Weighted Error Value: White=0.02 (flawless) /Black=0.01 (flawless) .  OK:         	White=7     	Black=7      Best:        	White=7     	Black=7      Strong:       	White=1     	Black=2} 1/2-1/2

[Event "Cairns Cup 2024"]
[Site "Saint Louis"]
[Date "2024.06.19"]
[Round "6.4"]
[White "Dzagnidze, Nana"]
[Black "Tan, Zhongyi"]
[Result "1/2-1/2"]
[ECO "D59"]
[WhiteElo "2506"]
[BlackElo "2540"]
[Annotator "TA"]
[PlyCount "59"]
[EventDate "2024.06.13"]
[EventType "tourn"]
[EventCountry "USA"]
[SourceTitle "playchess.com"]
[Source "ChessBase"]
[SourceQuality "1"]
[TimeControl "40/5400+30:1800+30"]

1. d4 d5 2. c4 e6 3. Nc3 Nf6 4. Bg5 Be7 5. e3 h6 6. Bh4 O-O 7. Nf3 b6 8. cxd5 Nxd5 9. Bxe7 Qxe7 10. Nxd5 exd5 11. Bd3 c5 12. dxc5 bxc5 13. O-O Be6 14. Rc1 Nd7 15. Qa4 Rfb8 16. Bb5 a5 17. Bxd7 Bxd7 18. Qa3 Rb4 19. Rfd1 Bg4 {[%emt 0:18:54] Hoping for ...Bxf3.} 20. Rxd5 Bxf3 21. gxf3 Qf6 22. Kg2 Rxb2 23. Rdxc5 Rd8 {[%emt 0:00:59] Prevents Qd3} (23... Rd2 $11) 24. Rc8 (24. Qxa5 $14 Rdd2 25. Qa8+ Kh7 26. Qe4+ g6 27. Rf1) 24... Qg5+ {[%emt 0:00:05] The position is equal.} 25. Kf1 Qb5+ (25... Rb8 {simplifies} 26. Rxb8 Rxb8 27. Qd3 Qh5) 26. Kg2 Qg5+ 27. Kf1 Qb5+ 28. Kg2 Qg5+ 29. Kf1 Qb5+ 30. Kg2 {[%emt 0:00:05] Not much happened in this game.   Weighted Error Value: White=0.06 (flawless) /Black=0.06 (flawless) .  Mistake:       	White=1     	Black=1      OK:         	White=9     	Black=7      Best:        	White=4     	---} 1/2-1/2

[Event "Cairns Cup 2024"]
[Site "Saint Louis"]
[Date "2024.06.19"]
[Round "6.5"]
[White "Lee, Alice"]
[Black "Krush, Irina"]
[Result "1/2-1/2"]
[ECO "E17"]
[WhiteElo "2368"]
[BlackElo "2415"]
[Annotator "RC"]
[PlyCount "181"]
[EventDate "2024.06.13"]
[EventType "tourn"]
[EventCountry "USA"]
[SourceTitle "playchess.com"]
[Source "ChessBase"]
[SourceQuality "1"]
[TimeControl "40/5400+30:1800+30"]

1. d4 Nf6 2. c4 e6 3. Nf3 d5 4. g3 Bb4+ 5. Bd2 Be7 6. Bg2 O-O 7. O-O c6 8. b3 Nbd7 9. Bc1 b6 10. Bb2 Bb7 11. Nbd2 c5 12. e3 Rc8 13. Qe2 Qc7 14. Rac1 dxc4 15. Nxc4 Qb8 16. Rfd1 Rfd8 17. dxc5 Bxc5 18. Nfe5 Bxg2 19. Nxd7 Rxd7 20. Kxg2 Qb7+ 21. Kg1 Be7 22. Rxd7 Qxd7 23. Qf3 b5 24. Ne5 Rxc1+ 25. Bxc1 Qd5 26. Qxd5 Nxd5 27. Nc6 Bc5 28. Bd2 Kf8 29. Kf1 Ke8 30. Ke2 f6 31. e4 Ne7 32. Nxe7 Kxe7 33. f4 Kd6 34. Kd3 h5 35. h3 a6 36. Bc3 Bf2 37. g4 hxg4 38. hxg4 Kc6 39. Ke2 Bc5 40. Kf3 Be7 41. f5 e5 42. Bb2 Kd7 43. g5 Ke8 44. Ke2 Kd7 45. Ke3 Bc5+ 46. Kd3 Be7 47. Bc3 Bd6 48. Ke2 Ke7 49. Kf3 Kf7 50. Kg4 Bc5 51. Bd2 Be7 52. Bc3 Bc5 53. Ba5 Be7 54. Bb6 Bb4 55. Bf2 Be7 56. Be3 Bb4 57. Bb6 Be7 58. Ba5 Ke8 59. Kh5 Kf7 60. b4 Bd6 61. a3 Bb8 62. Bb6 Bd6 63. Ba7 Bc7 64. Bc5 Bd8 65. Bf2 Bc7 66. Ba7 Bd8 67. Be3 Bc7 68. Kg4 Bd8 69. Kf3 Bc7 70. Ke2 Bd8 71. Bc5 Bc7 72. Ba7 Bd8 73. Be3 Bc7 74. Kd3 Bd8 75. g6+ Ke8 76. Ke2 Be7 77. Kf3 Bf8 78. Kg4 Be7 79. Kh5 Bf8 80. Bf2 Be7 81. Bg3 Bd6 82. Be1 Be7 83. Bh4 Kf8 84. Bf2 Ke8 85. Ba7 Kd7 86. Bb6 Kc6 87. Ba5 Kd7 88. Bb6 Kc6 89. Ba5 Kd7 90. Bb6 Kc6 91. Ba5 1/2-1/2